Map: Frozen Temple

Players

ReacH - Winner!

  • Race: Protoss Protoss
  • League: Diamond

Soul

  • Race: Terran Terran
  • League: Diamond

VOD

Have the link to the VOD?

Description

Time

  • Played on: April 14, 2016, 2:08 a.m.
  • Length: 17:59
Show
View Real Time Build Order
Export as new Build Order

ReacH Protoss - Winner!

Build Orders: 1 Gate Expand 

Get SALT Encoding   

  12  0:01  Probe (Chrono Boost)  
  13  0:11  Probe (Chrono Boost)  
  14  0:22  Pylon  
  14  0:23  Probe (Chrono Boost)  
  15  0:40  Probe (Chrono Boost)  
  15  0:41  Gateway  
  16  0:47  Assimilator  
  16  0:51  Probe (Chrono Boost)  
  17  1:01  Probe (Chrono Boost)  
  18  1:12  Probe (Chrono Boost)  
  19  1:24  Nexus  
  19  1:27  Probe (Chrono Boost)  
  20  1:37  Probe (Chrono Boost)  
  21  1:44  Cybernetics Core  
  21  1:48  Probe (Chrono Boost), Assimilator  
  22  1:55  Pylon  
  22  1:58  Probe (Chrono Boost)  
  23  2:13  Probe (Chrono Boost)  
  24  2:21  Stalker (Chrono Boost)  
  26  2:25  Mothership Core (Chrono Boost)  
  26  2:26  Warp Gate  
  26  2:42  Probe (Chrono Boost)  
  25  2:49  Probe (Chrono Boost)  
  26  2:54  Probe (Chrono Boost)  
  26  2:55  Stalker  
  29  2:59  Twilight Council  
  29  3:02  Probe (Chrono Boost)  
  30  3:08  Probe (Chrono Boost)  
  32  3:13  Probe (Chrono Boost)  
  32  3:19  Probe (Chrono Boost)  
  33  3:22  Pylon  
  33  3:23  Probe (Chrono Boost)  
  33  3:27  Stalker  
  36  3:30  Probe (Chrono Boost)  
  37  3:35  Probe (Chrono Boost)  
  37  3:41  Probe (Chrono Boost)  
  39  3:46  Robotics Facility  
  39  3:51  Probe (Chrono Boost)  
  39  3:52  Probe (Chrono Boost)  
  41  4:01  Probe x2 (Chrono Boost)  
  42  4:03  Blink (Chrono Boost)  
  41  4:11  Probe  
  41  4:13  Probe  
  43  4:22  Probe  
  44  4:25  Probe  
  44  4:27  Gateway  
  45  4:32  Probe  
  45  4:33  Gateway  
  45  4:34  Observer (Chrono Boost)  
  45  4:37  Probe  
  48  4:52  Stalker  
  50  4:54  Probe  
  50  4:55  Observer (Chrono Boost)  
  50  4:57  Probe, Pylon  
  53  5:00  Pylon  
  53  5:06  Probe  
  51  5:19  Stalker  
  53  5:30  Probe  
  54  5:37  Probe  
  54  5:42  Stalker x2  
  57  5:43  Stalker  
  57  5:47  Assimilator  
  57  5:48  Assimilator  
  61  5:50  Warp Prism  
  61  5:51  Probe  
  61  5:52  Probe  
  61  5:56  Nexus  
  65  5:58  Pylon  
  65  5:59  Resonating Glaives (Chrono Boost)  
  65  6:06  Pylon  
  65  6:11  Stalker x2  
  65  6:26  Probe  
  65  6:30  Stalker  
  68  6:34  Probe  
  68  6:38  Probe  
  70  6:45  Probe  
  70  6:50  Probe  
  70  6:53  Immortal  
  75  6:57  Templar Archives  
  73  7:08  Adept x3  
  79  7:15  Probe  
  74  7:27  Gateway  
  74  7:29  Probe x2, Gateway  
  74  7:30  Probe  
  74  7:32  Immortal  
  81  7:39  Psionic Storm, Probe x2  
  81  7:47  Stalker x3  
  87  7:52  Probe  
  87  7:57  Probe x2  
  87  7:58  Pylon  
  88  7:59  Pylon  
  88  8:04  Probe  
  91  8:07  Probe  
  91  8:08  Probe  
  91  8:11  Stalker x3  
  99  8:16  Probe  
  99  8:18  Probe  
  99  8:19  Observer  
  102  8:21  Probe  
  102  8:24  Pylon  
  97  8:27  Pylon  
  97  8:28  Probe x2  
  99  8:35  Assimilator  
  99  8:36  Assimilator  
  99  8:39  Warp Prism  
  99  8:40  High Templar x2  
  105  8:42  Sentry, Gateway  
  105  8:43  Gateway  
  105  8:46  Gateway  
  105  8:47  Gateway  
  105  8:48  Probe x2  
  107  8:49  Probe  
  110  9:01  Nexus  
  110  9:07  Pylon x2  
  108  9:18  Stalker x3  
  108  9:19  Stalker x2  
  110  9:45  Immortal  
  114  9:50  Mothership Core  
  114  9:51  Probe  
  114  9:52  Pylon  
  115  9:54  Pylon  
  115  9:56  Adept x4  
  112  10:18  Probe  
  112  10:20  Stalker, Probe  
  112  10:21  Stalker x8  
  114  10:24  Immortal  
  130  10:32  Probe x2  
  130  10:33  Probe  
  130  10:34  Probe  
  134  10:40  Pylon  
  132  10:47  Adept x2  
  132  10:48  Adept x4  
  137  11:02  Probe  
  137  11:03  Probe  
  138  11:08  Assimilator  
  138  11:09  High Templar, Assimilator  
  141  11:14  Forge  
  141  11:15  Forge, Immortal  
  141  11:18  Probe x2  
  145  11:19  Probe  
  145  11:23  Probe  
  149  11:32  High Templar  
  151  11:52  Adept x5  
  151  11:53  Adept  
  163  11:56  Protoss Ground Weapons Level 1 (Chrono Boost), Protoss Ground Armor Level 1 (Chrono Boost)  
  163  11:58  Pylon  
  163  12:05  Pylon  
  163  12:06  Photon Cannon  
  163  12:07  Pylon x2  
  163  12:08  Photon Cannon  
  163  12:11  Immortal  
  163  12:14  Pylon  
  163  12:15  Pylon  
  145  12:30  Archon  
  122  12:45  Stalker x6, Immortal  
  122  12:46  Adept x3  
  122  12:50  Nexus  
  144  13:07  Stargate  
  144  13:09  Stargate, Charge  
  144  13:12  High Templar x3  
  150  13:14  High Templar, Adept x3  
  150  13:15  Adept x2  
  162  13:30  Warp Prism  
  162  13:39  High Templar x2, Adept  
  162  13:40  Adept x2  
  172  14:05  Protoss Ground Armor Level 2 (Chrono Boost)  
  172  14:07  Protoss Ground Weapons Level 2 (Chrono Boost)  
  172  14:08  Oracle x2  
  178  14:11  Protoss Air Weapons Level 1, Fleet Beacon  
  176  14:26  Zealot x3  
  176  14:27  Zealot  
  184  14:31  Assimilator  
  184  14:35  Assimilator  
  184  14:49  Pylon  
  184  14:56  Tempest x2 (Chrono Boost)  
  186  15:23  Pylon  
  186  15:27  Stalker x2  
  186  15:28  Stalker x5  
  156  16:05  Tempest x2 (Chrono Boost)  
  135  16:20  Warp Prism (Chrono Boost)  
  133  16:29  Stargate  
  133  16:30  Stargate  
  133  16:40  Adept x9  
  147  17:10  Stalker x2, Nexus  
  147  17:11  Stalker x7  
  165  17:26  Archon  
  151  17:36  Zealot x6  
  151  17:37  Zealot x3  
Show
View Real Time Build Order
Export as new Build Order

Soul Terran 

Build Orders: Reaper Expand 

Get SALT Encoding   

  12  0:01  SCV  
  13  0:13  SCV  
  14  0:18  Supply Depot  
  14  0:25  SCV  
  15  0:39  SCV  
  15  0:40  Barracks  
  16  0:44  Refinery  
  16  0:52  SCV  
  17  1:04  SCV  
  18  1:16  SCV  
  19  1:28  Orbital Command, Reaper  
  20  1:40  Command Center  
  20  1:51  Supply Depot  
  20  1:55  SCV  
  20  2:00  Marine  
  22  2:08  Factory  
  22  2:10  SCV  
  23  2:16  Refinery  
  23  2:21  Barracks Reactor  
  23  2:22  SCV  
  24  2:34  SCV  
  25  2:46  SCV  
  26  2:54  Orbital Command  
  26  2:58  Marine x2, SCV  
  27  3:00  Starport  
  27  3:01  Widow Mine  
  31  3:11  SCV  
  32  3:16  Marine x2, Engineering Bay  
  32  3:19  SCV  
  35  3:23  SCV  
  35  3:26  Supply Depot  
  36  3:33  SCV, Marine  
  38  3:34  Marine  
  38  3:35  SCV  
  38  3:37  Medivac  
  38  3:38  Widow Mine  
  44  3:44  Missile Turret  
  44  3:47  SCV  
  44  3:48  Missile Turret  
  45  3:54  Marine x2  
  47  3:59  SCV  
  48  4:07  SCV  
  48  4:09  Factory Tech Lab  
  48  4:10  Starport Reactor  
  48  4:11  SCV  
  48  4:15  Barracks  
  49  4:17  Terran Infantry Weapons Level 1, Barracks  
  49  4:19  SCV  
  49  4:24  SCV  
  51  4:28  Supply Depot  
  51  4:30  Supply Depot  
  51  4:31  SCV  
  52  4:36  SCV, Marine  
  54  4:39  Factory Tech Lab  
  54  4:41  Marine  
  54  4:45  SCV  
  54  4:49  Medivac x2  
  57  4:53  Marine  
  57  4:56  Bunker  
  57  4:59  Marine  
  59  5:02  Liberator  
  58  5:11  Marine  
  55  5:18  Marine x2  
  55  5:19  Marauder  
  54  5:30  SCV x2  
  56  5:36  Marauder  
  56  5:40  Marauder  
  56  5:42  SCV x2  
  59  5:47  Supply Depot  
  60  5:53  Marine x2, Refinery x2  
  60  5:54  SCV  
  60  5:55  SCV, Combat Shields  
  64  6:00  Supply Depot  
  64  6:07  SCV x2  
  64  6:08  Marauder x2  
  67  6:19  SCV  
  67  6:21  Marine x2  
  70  6:29  Barracks Tech Lab  
  70  6:30  Marauder  
  71  6:35  Liberator  
  71  6:46  Marine  
  71  6:47  Marine  
  72  6:51  Marauder x2  
  80  6:55  SCV  
  80  6:57  SCV  
  80  7:04  Marine  
  80  7:05  Marine  
  80  7:12  Marauder  
  80  7:13  Marauder  
  82  7:19  SCV x2  
  82  7:22  Marine x2  
  84  7:29  Missile Turret  
  86  7:30  Command Center  
  86  7:34  Missile Turret  
  86  7:39  Marauder  
  85  7:53  Terran Infantry Armor Level 1  
  85  7:54  Medivac x2  
  85  7:55  Marauder, Armory, Engineering Bay  
  91  8:00  Marauder  
  91  8:01  Marine  
  94  8:10  Supply Depot  
  94  8:12  Supply Depot  
  94  8:31  Marine x2  
  94  8:32  SCV x2, Marauder x2  
  94  8:33  Medivac x2  
  106  8:41  Orbital Command  
  106  8:44  SCV x2  
  108  8:49  Marine  
  108  8:51  Stimpack, Concussive Shells  
  108  8:53  Marauder x2  
  113  8:57  Barracks  
  113  8:58  Barracks  
  113  9:00  Marine  
  114  9:03  SCV x2, Medivac x2  
  120  9:15  SCV x2, Marauder  
  115  9:20  Marine x2  
  115  9:21  Marauder  
  113  9:36  Marauder  
  91  9:42  Marine x2  
  91  9:43  Medivac x2, Marauder  
  97  9:46  Barracks Reactor  
  97  9:47  Barracks Tech Lab  
  97  9:57  SCV x3  
  97  9:58  Marauder  
  102  10:00  Marine x2  
  102  10:04  Marauder  
  106  10:08  Refinery  
  106  10:09  SCV x2, Refinery  
  106  10:10  SCV, Marine  
  106  10:13  Medivac x2  
  114  10:16  Terran Infantry Weapons Level 2  
  114  10:18  Marine  
  114  10:19  Marauder, Terran Infantry Armor Level 2  
  111  10:21  SCV  
  111  10:22  SCV x2  
  111  10:26  Marauder  
  118  10:28  Marauder  
  118  10:31  Marine x2  
  118  10:32  Marine  
  118  10:33  SCV  
  118  10:34  SCV x2  
  124  10:38  Terran Vehicle And Ship Armor Level 1, Barracks  
  124  10:39  Barracks  
  124  10:41  Marauder  
  123  10:46  SCV  
  123  10:47  Marauder  
  107  10:50  Marine x2  
  107  10:51  Marine x2  
  107  10:52  Marauder  
  107  10:53  Medivac  
  111  11:03  Marauder  
  103  11:05  Medivac  
  103  11:09  Marauder  
  107  11:13  Marauder  
  107  11:16  Command Center  
  109  11:19  Supply Depot  
  109  11:22  Missile Turret  
  109  11:24  Marine x4, Marauder, Liberator x2  
  115  11:30  Marauder, Factory Reactor  
  115  11:31  Barracks Tech Lab  
  115  11:32  Barracks Tech Lab  
  119  11:34  Marauder  
  119  11:35  Starport  
  121  11:41  Marine  
  121  11:42  Marine x3  
  121  11:45  Marauder  
  131  11:51  Marauder  
  133  12:02  Supply Depot  
  133  12:03  Supply Depot  
  133  12:07  Liberator x2  
  132  12:13  Supply Depot  
  132  12:14  Supply Depot  
  132  12:15  Supply Depot  
  132  12:19  Marauder  
  132  12:22  Marauder  
  118  12:30  Marine  
  118  12:31  Marine x3  
  118  12:32  Marauder x3  
  110  12:41  Marauder  
  110  12:43  Marine  
  107  12:48  Marine x2  
  107  12:49  Marine, Starport Reactor  
  107  12:50  Terran Infantry Weapons Level 3  
  107  12:51  Terran Infantry Armor Level 3  
  110  12:53  Marauder x3  
  110  12:57  Supply Depot x2  
  116  13:01  Marauder  
  116  13:02  Marauder  
  120  13:09  Sensor Tower, Missile Turret  
  120  13:13  Marine x4, Missile Turret  
  120  13:14  Marauder  
  120  13:15  Marauder x2  
  130  13:22  Marauder  
  130  13:24  Marauder  
  134  13:27  Planetary Fortress  
  134  13:31  Marine x4  
  138  13:36  Marauder  
  138  13:38  Liberator x2  
  138  13:39  Sensor Tower  
  140  13:46  Missile Turret  
  140  13:51  Terran Vehicle And Ship Armor Level 2  
  140  13:52  Barracks  
  140  13:54  Marine x5  
  148  14:13  Medivac x2  
  148  14:31  Missile Turret  
  148  14:33  Marine x3  
  148  14:34  Marine x6, Refinery  
  148  14:38  Medivac  
  159  14:49  Fusion Core  
  159  14:51  Marine  
  159  14:52  Missile Turret  
  160  14:55  Barracks Reactor  
  160  14:57  Marine x2  
  160  14:58  Marine x3  
  165  15:07  Refinery  
  165  15:11  Command Center  
  165  15:15  Missile Turret  
  165  15:24  Medivac x4, Missile Turret  
  151  16:04  Medivac  
  151  16:05  Medivac x3  
  84  16:21  Marine  
  84  16:22  Marine x7  
  84  16:23  Marine x3  
  87  16:34  Medivac x2  
  87  16:39  Marine x3  
  92  16:40  Marine x3  
  92  16:41  Marauder x5  
  107  16:52  Liberator x2  
  104  16:57  Marine x4  
  104  16:58  Marine x2  
  102  17:02  Marauder x4  
  102  17:03  Marauder  
  105  17:15  Marine x5  
  113  17:16  Marine  
  117  17:23  Marine x2, Marauder  
  117  17:24  Marauder x2  
  96  17:33  Marine x6  
Tags
 
Add a new tag
Caveats
  • Supply blocks, unpowered buildings, or Contaminate may cause inaccurate times.
  • Supply counts are checked every 10 seconds.